 Dungeon Crawl Stone Soup version 0.32-a0-834-geaf45d8e21 (webtiles) character file.

Game seed: 1911303509216863959

38 epen the Ruffian (level 3, -2/20 HPs)
             Began as a Naga Shapeshifter on Mar 25, 2024.
             Slain by a kobold
             ... wielding a +5 dagger
              (9 damage)
             ... on level 3 of the Dungeon.
             The game lasted 00:03:19 (1687 turns).

epen the Ruffian (Naga Shapeshifter)                Turns: 1687, Time: 00:03:20

Health: -2/20      AC:  1    Str: 16    XL:     3   Next: 43%
Magic:  3/3        EV: 18    Int: 10    God:
Gold:   81         SH:  0    Dex: 18    Spells: 2/2 levels left

rFire   . .          .
                       - Unarmed
rCold   . . .        (shield currently unavailable)
rNeg    . . .        a - melded +0 animal skin
rPois   +            (no helmet)
rElec   .            (no cloak)
rCorr   .            (no gloves)
SInv    +            (no barding)
Will    .....        (no amulet)
Stlth   +            f - +5 ring of evasion
HPRegen 0.23/turn    j - +6 ring of dexterity
MPRegen 0.08/turn

%: no passive effects
@: short of breath, flux-form, glowing, very slow
A: glow, contaminating, reduced hp, AC +1, large, see invisible, deformed body,
poison resistance, slowness 2, spit poison 1, naga tail 1
a: Spit Poison, Begin Untransformation


You were on level 3 of the Dungeon.
You were something dangerously unstable.
You visited 1 branch of the dungeon, and saw 3 of its levels.

You collected 81 gold pieces.

Inventory:

Armour
 a - a +0 animal skin (melded)
Jewellery
 f - a +5 ring of evasion (left hand)
 i - a ring of ice
 j - a +6 ring of dexterity (right hand)
Talismans
 c - a beast talisman
 d - a flux talisman (active)
Scrolls
 e - a scroll of identify
 g - 2 scrolls of enchant armour {unknown}
Potions
 b - a potion of lignification
 h - a potion of attraction


   Skills:
 + Level 1.7 Fighting
 + Level 1.9 Dodging
 * Level 3.5 Unarmed Combat
 + Level 3.2 Shapeshifting


You had 2 spell levels left.
You didn't know any spells.
Your spell library contained the following spells:

 Spells                   Type           Power      Damage    Failure   Level
 Call Canine Familiar     Summ           0%         N/A       75%         3
 Sigil of Binding         Hex            0%         N/A       75%         3
 Dimensional Bullseye     Hex/Tloc       0%         N/A       98%         4


Dungeon Overview and Level Annotations

Branches:
Dungeon (3/15)

Altars:
Xom


Innate Abilities, Weirdness & Mutations

You are something dangerously unstable.
You glow with magical radiation, making you easy to see and hit.
Foes you strike become dangerously contaminated with magical radiation.
Your maximum health is decreased, since you lack skill for your form.
You are incapable of wielding weapons or throwing items.
Your serpentine skin is tough. (AC +1)
You have supernaturally acute eyesight. (SInv)
Armour fits poorly on your strangely shaped body.
Your system is resistant to poisons. (rPois)
You cover ground very slowly.
You can spit poison.
You have a snake-like lower body.


Message History

a +0 dagger; 4 stones; a kobold corpse
f - a +5 ring of evasion
f - a +5 ring of evasion (left hand)
You feel agile.
j - a +6 ring of dexterity (right hand)
You open the door.
There is an open door here.
There is an open door here.
You pick up a book of the Hunter and begin reading...
You add the spells Sigil of Binding, Call Canine Familiar and Dimensional Bullseye to your library.
There is an open door here.
There is an open door here.
There is an open door here.
You see here a ball python skeleton.
There is an open door here.
There is an open door here.
Done exploring.
Done exploring.
Done exploring.
There is a stone staircase leading down here.
You climb downwards.
The shadow imp shouts, "Crawl home, thou odious moldwarp urchin!"
The kobold shouts!
The shadow imp gestures at you. Pain shoots through your body!
There is a stone staircase leading up here.
The quokka barely misses you. The shadow imp gestures at you.
Pain shoots through your body! The quokka closely misses you.
You are too injured to fight recklessly!
There is a stone staircase leading up here.
Aiming: Spit Poison (2% risk of failure)
Press: ? - help, Shift-Dir - straight line, f - kobold
Aim: a kobold, wielding a +5 dagger (50% to hit)
The splash of poison misses the kobold.
The quokka misses you. The quokka completely misses you.
The kobold barely misses you. The shadow imp misses you.
You closely miss the kobold. The quokka completely misses you.
The kobold hits you with a +5 dagger!
You die...

# .. #### .##
..... ..#
#...####..#
#.........#
#.........####
+.....p5.....#
#.....rK.....#
..............#
########......#
...#### ...#
.... #####


You could see a shadow imp, a quokka and a kobold.

Vanquished Creatures
  A ribbon worm (D:2)
  2 orcs
  3 goblins (D:2)
  3 hobgoblins
  2 jackals (D:1)
  2 kobolds
  3 quokkas
  5 ball pythons
  4 bats
  3 frilled lizards
  5 rats (D:1)
33 creatures vanquished.

Notes
Turn   | Place    | Note
-------+----------+-------------------------------------------
     0 | D:1      | epen the Naga Shapeshifter began the quest for the Orb.
     0 | D:1      | Reached XP level 1. HP: 18/18 MP: 1/1
   259 | D:1      | Reached XP level 2. HP: 14/25 MP: 2/2
   267 | D:1      | Found a faded altar of an unknown god.
   977 | D:2      | Reached XP level 3. HP: 19/31 MP: 3/3
  1237 | D:2      | You fall into a shaft and drop 1 floor!
  1237 | D:3      | Found a shimmering altar of Xom.
  1687 | D:3      | Slain by a kobold

Illustrated notes

Levels and vault maps discovered:
D:1:      psy_arrival_conway, layout_basic,
          hellmonk_ecumenical_altar_crossroads, amcnicky_mini_pool_small
D:2:      layout_basic
D:3:      kennysheep_big_flooded_room, layout_basic, xom_redecorated,
          st_stairs_2, uniq_crazy_yiuf_cottage, uniq_sigmund

Action                     || total
---------------------------++-------
  Melee: Unarmed           ||    88
Ability: Spit Poison       ||     8
    Use: Scroll            ||     2
 Armour: Skin              ||    34
  Dodge: Dodged            ||    68
   Form: Flux              ||     2
         Beast             ||     1

Table legend: (Time is in decaauts)
 A = Elapsed time spent in this place.
 B = Non-inter-level travel time spent in this place.
 C = Inter-level travel time spent in this place.
 D = Time resting spent in this place.
 E = Time spent auto-exploring this place.
 F = Levels seen in this place.
 G = Mean time per level.
                   A        B        C        D        E       F      G
               +--------+--------+--------+--------+--------+-----+--------+
         Total |   2218 |   2170 |     48 |     19 |   1913 |   3 |  739.3 |
       Dungeon |   2218 |   2170 |     48 |     19 |   1913 |   3 |  739.3 |
               +--------+--------+--------+--------+--------+-----+--------+

Top non-repeatable levels by time:
     D:2: 1166 daAuts
     D:1: 976 daAuts
     D:3: 75 daAuts
